AoeStats
← pinKKKKKKKK

Arabia

503170281Analyzed
1v1 RM · 1mo ago on Aug 30, 2026· 46m 10s· 2 players
Game mode
Random Map
Map size
Tiny (2 player)
Population
200
Speed
Normal
Resources
Standard
Victory
Conquest
Starting age
Dark Age
Ending age
Imperial Age
RankedLock teamsTeams togetherTeam positionsShared explorationLock speedFull tech treeHidden civsTurbo modeCheats
Victory
Defeat
🇹🇼 Vietnamese · Taiwan
1091
+15
🇦🇷 Magyars · Argentina
1065
-15
pinKKKKKKKK
7:42 Loom
10:00 Feudal Age
15:32 Double-Bit Axe
20:53 Castle Age
18:54 Horse Collar
19:52 Gold Mining
20:50 Scale Mail Armor
22:48 Husbandry
28:12 Wheelbarrow
27:06 Elite Skirmisher
31:16 Hand Cart
31:50 Bloodlines
32:14 Heavy Plow
33:42 Scale Barding Armor
34:57 Padded Archer Armor
34:48 Fletching
35:05 Town Watch
36:42 Chain Mail Armor
37:05 Corvinian Army
39:26 Town Patrol
42:58 Imperial Age
41:35 Thumb Ring
42:05 Ballistics
43:54 Chain Barding Armor
43:55 Leather Archer Armor
43:10 Cavalier
44:52 Crop Rotation
44:35 Bow Saw
Linus_Zeon
6:37 Loom
9:24 Feudal Age
10:24 Double-Bit Axe
15:32 Scale Mail Armor
16:26 Forging
18:59 Horse Collar
23:41 Castle Age
23:18 Gold Mining
24:39 Wheelbarrow
24:45 Fletching
25:12 Chain Mail Armor
26:16 Bodkin Arrow
29:19 Heavy Plow
31:14 Stone Mining
31:14 Town Watch
33:09 Squires
36:53 Imperial Age
34:54 Bow Saw
35:42 Hand Cart
37:25 Guard Tower
37:45 Bracer
39:50 Plate Mail Armor
39:56 Iron Casting
40:30 Scale Barding Armor
40:11 Elite Skirmisher
43:45 Chemistry
43:08 Ballistics
44:48 Paper Money
44:38 Padded Archer Armor
45:29 Treadmill Crane
45:16 Imperial Skirmisher
Connection lost

Rejoining the realm…

Still unreachable

The connection could not be restored.

Session expired

The server has moved on; the page needs a fresh start.